 Dungeon Crawl Stone Soup version 0.31-a0-702-gf82c85558f (webtiles) character file.

Game seed: 8961224745488085571

385 qw the Shooter (level 6, 0/38 HPs)
             Began as a Gargoyle Hunter on Sept 8, 2023.
             Killed from afar by an orc wizard (6 damage)
             ... with a magic dart
             ... on level 4 of the Dungeon.
             The game lasted 00:01:08 (2214 turns).

qw the Shooter (Gargoyle Hunter)                    Turns: 2214, Time: 00:01:09

Health: 0/38       AC: 10    Str: 14    XL:     6   Next: 77%
Magic:  6/6        EV: 10    Int: 10    God:
Gold:   13         SH:  0    Dex: 15    Spells: 5/5 levels left

rFire   . . .        Y - +0 shortbow
rCold   . . .        (shield currently unavailable)
rNeg    + . .        g - +0 ring mail
rPois   inf          b - +0 helmet
rElec   +            (no cloak)
rCorr   +            (no gloves)
SInv    .            (no boots)
Will    .....        l - amulet of faith
Stlth   +            k - ring of resist corrosion
HPRegen 0.26/turn    (no ring)
MPRegen 0.10/turn

%: faith
@: no status effects
A: sickness immunity, AC +4, negative energy resistance 1, electricity
resistance, torment resistance 1, petrification resistance
a: no special abilities


You were on level 4 of the Dungeon.
You visited 1 branch of the dungeon, and saw 4 of its levels.

You collected 166 gold pieces.
You spent 153 gold pieces at shops.


Innate Abilities, Weirdness & Mutations

You are immune to sickness and miasma.
Your stone body is resilient. (AC +4)
You are immune to poison.
You resist negative energy. (rN+)
You are resistant to electric shocks. (rElec)
You are resistant to unholy torment.
You are immune to petrification.


   Skills:
 - Level 4.1 Fighting
 + Level 7.0 Ranged Weapons
 - Level 1.0 Armour
 - Level 1.5 Dodging
 - Level 1.1 Stealth


You had 5 spell levels left.
You didn't know any spells.
Your spell library was empty.

Inventory:

Hand Weapons
 Y - a +0 shortbow (weapon)
Armour
 b - a +0 helmet (worn)
 g - a +0 ring mail (worn)
 n - a +0 cloak
 p - a +1 cloak
Jewellery
 d - a +4 ring of protection
 k - a ring of resist corrosion (left hand)
 l - an amulet of faith (around neck)
Scrolls
 c - a scroll of teleportation
 o - a scroll of identify
Potions
 a - a potion of resistance {unknown}
 e - 2 potions of curing {unknown}
 f - a potion of enlightenment {unknown}
 h - a potion of might {unknown}
 i - 2 potions of cancellation {unknown}
 j - a potion of attraction {unknown}
 m - a potion of haste {unknown}

Dungeon Overview and Level Annotations

Branches:
Dungeon (4/15)
 Temple: D:4-7

Altars:
Cheibriados
Dithmenos
Qazlal

Shops:
D:4 *


Message History

You shoot an arrow. The arrow hits the orc!
You kill the orc!
The orc wizard mumbles some strange words.
The orc wizard flickers and vanishes!
Deactivating autopickup; reactivate with Ctrl-A.
You hear an angry hiss.
You shoot an arrow. The arrow hits the ogre!
The ogre is moderately wounded.
The ogre hits you with a +0 giant club!!
Ouch! That really hurt!
You shoot an arrow. The arrow barely misses the ogre.
The ogre closely misses you.
You shoot an arrow. The adder hisses angrily.
The arrow hits the ogre.
The ogre is heavily wounded.
You shoot an arrow. The arrow hits the ogre.
The ogre is severely wounded.
The ogre barely misses you.
You shoot an arrow. The arrow hits the ogre!
You kill the ogre!
You shoot an arrow. The arrow hits the orc!
You kill the orc!
The adder bites you but does no damage.
Your Ranged Weapons skill increases to level 7!
You shoot an arrow. The arrow hits the adder!
The adder is severely wounded.
The adder bites you.
You shoot an arrow. The arrow hits the adder!
You kill the adder!
You hear some strange, mumbled words.
A magic dart appears from out of thin air!
The magic dart hits you.
You shoot an arrow. Something hits you but does no damage.
You shoot an arrow.
You hear some strange, mumbled words.
A magic dart appears from out of thin air!
The magic dart hits you.
You die...

.............#..#....#
........#..........#.#
##......#..........###
##......#..........#
#......#.........##
.......#..## .
.......#...# #.
......###..# # #.:##
#@## #. #.{## .....
#.#... ......# ....#
..... .....


There were no monsters in sight!

Vanquished Creatures
  An ogre (D:4)
  2 scorpions (D:4)
  A hound (D:4)
  A gnoll (D:4)
  6 adders
  A white imp (D:3)
  A worm (D:2)
  A dart slug (D:2)
  3 orcs (D:4)
  3 bats
  9 endoplasms
  2 giant cockroaches
  6 goblins
  8 hobgoblins
  9 jackals
  3 quokkas
  4 ball pythons
  6 frilled lizards
  6 kobolds
  7 rats
80 creatures vanquished.

Notes
Turn   | Place    | Note
-------+----------+-------------------------------------------
     0 | D:1      | qw the Gargoyle Hunter began the quest for the Orb.
     0 | D:1      | Reached XP level 1. HP: 12/12 MP: 1/1
     0 | D:1      | 0 ||| qw: Version: 0.3-a-76-g4403597
     0 | D:1      | 0 ||| qw: Game counter: 987
     0 | D:1      | 0 ||| qw: Melee chars always use a shield: true
     0 | D:1      | 0 ||| qw: God list: Okawaru
     0 | D:1      | 0 ||| qw: Allow faded altars: false
     0 | D:1      | 0 ||| qw: Do Orc after clearing Dungeon:15 true
     0 | D:1      | 0 ||| qw: Do second Lair branch before Depths: true
     0 | D:1      | 0 ||| qw: Lair rune preference: random
     0 | D:1      | 0 ||| qw: Goals: Normal
     0 | D:1      | 0 ||| PLANNING D:1-11
    58 | D:1      | Reached XP level 2. HP: 15/17 MP: 2/2
   224 | D:1      | Reached XP level 3. HP: 21/21 MP: 3/3
   304 | D:1      | Reached skill level 5 in Ranged Weapons
   502 | D:1      | 502 ||| UPGRADING to +0 ring mail.
   512 | D:1      | 512 ||| DROPPING +0 leather armour.
   513 | D:1      | 513 ||| READING scroll labelled MEYTUW XAESIM.
   514 | D:1      | 514 ||| READING scroll labelled IDOANE RASHE.
   515 | D:1      | 515 ||| DROPPING scroll of butterflies.
   610 | D:2      | Reached skill level 1 in Armour
   733 | D:2      | Reached skill level 3 in Fighting
   733 | D:2      | Reached XP level 4. HP: 28/28 MP: 4/4
   964 | D:2      | 964 ||| UPGRADING to +0 helmet.
   969 | D:2      | 969 ||| READING scroll labelled AKOUKK ZYNI.
   974 | D:2      | 974 ||| READING scroll labelled XEX JIFUFEO.
  1032 | D:3      | 1032 ||| FLEEEEING.
  1032 | D:3      | Found a faded altar of an unknown god.
  1047 | D:3      | Found a snail-covered altar of Cheibriados.
  1261 | D:3      | Found a stormy altar of Qazlal.
  1603 | D:3      | Found a shadowy altar of Dithmenos.
  1876 | D:3      | 1876 ||| UPGRADING to amulet of faith.
  1881 | D:3      | 1881 ||| UPGRADING to ring of resist corrosion.
  1882 | D:3      | 1882 ||| READING scroll labelled ROPHEH IMOER.
  1883 | D:3      | 1883 ||| READING scroll labelled SECINLI TYNESK.
  1884 | D:3      | 1884 ||| READING scroll labelled CUPSEOZAGU.
  1961 | D:4      | Noticed a scorpion
  1962 | D:4      | 1962 ||| RETREATING.
  1976 | D:4      | Killed a scorpion
  1977 | D:4      | Reached skill level 6 in Ranged Weapons
  1977 | D:4      | Reached XP level 5. HP: 19/32 MP: 5/5
  2012 | D:4      | Reached XP level 6. HP: 18/38 MP: 6/6
  2167 | D:4      | Found Juennen's Assorted Antiques.
  2176 | D:4      | 2176 ||| BUYING 2 clear potions (34 gold).
  2176 | D:4      | Bought 2 clear potions for 34 gold pieces
  2176 | D:4      | 2176 ||| BUYING 2 smoky puce potions (34 gold).
  2176 | D:4      | Bought 2 smoky puce potions for 34 gold pieces
  2176 | D:4      | 2176 ||| BUYING cloak (85 gold).
  2176 | D:4      | Bought a cloak for 85 gold pieces
  2176 | D:4      | 2176 ||| SHOPLISTING fuming inky potion (17 gold, have 6).
  2176 | D:4      | 2176 ||| SHOPLISTING pair of boots (85 gold, have 6).
  2176 | D:4      | 2176 ||| SHOPLISTING runed ring mail (133 gold, have 6).
  2176 | D:4      | 2176 ||| SHOPLISTING scroll labelled DERHAU ZIYHEE (19
                  | gold, have 6).
  2176 | D:4      | 2176 ||| SHOPLISTING scroll labelled RIASUDD DALIBRA (19
                  | gold, have 6).
  2211 | D:4      | Reached skill level 7 in Ranged Weapons
  2212 | D:4      | HP: 5/38 [something/magic dart (6)]
  2214 | D:4      | Killed from afar by an orc wizard

Levels and vault maps discovered:
D:1:      dpeg_arrival_rooms_c, layout_basic
D:2:      layout_rooms, kennysheep_generic_room_15
D:3:      layout_basic, minitemple, nicolae_dithmenos_through_a_glass_darkly,
          ebering_ecumenical_altar_hall, serial_bayou, serial_bayou_crossing,
          serial_bayou_pond_d, serial_bayou_pond_c, serial_bayou_pond_a
D:4:      layout_cave_pools, serial_shops, shop

Skill      XL: |  1  2  3  4  5  6 |
---------------+-------------------+-----
Ranged Weapons | 5 6 7 |  7.0
Armour         | 1 |  1.0
Fighting       | 3 4 |  4.1
Dodging        | |  1.5
Stealth        | |  1.1

Action                     |  1- 3 |  4- 6 || total
---------------------------+-------+-------++-------
   Fire: Shortbow          |   109 |   186 ||   295
    Use: Scroll            |     2 |     5 ||     7
 Armour: Leather armour    |    14 |       ||    14
         Ring mail         |    12 |   116 ||   128
  Dodge: Dodged            |    37 |    70 ||   107

Table legend:
 A = Non-vault XP
 B = Vault XP
 C = Vault XP percentage of total XP
 D = Non-vault monster count
 E = Vault monster count
 F = Vault count percentage of total count
                 A         B        C        D         E       F
            +---------+---------+-------+---------+---------+-------
      Total |     551 |       0 |   0.0 |      80 |       0 |   0.0
            +---------+---------+-------+---------+---------+-------
        D:1 |      42 |       0 |   0.0 |      25 |       0 |   0.0
        D:2 |      63 |       0 |   0.0 |      15 |       0 |   0.0
        D:3 |      47 |       0 |   0.0 |      24 |       0 |   0.0
        D:4 |     399 |       0 |   0.0 |      16 |       0 |   0.0
            +---------+---------+-------+---------+---------+-------
